AoeStats
← Michi3052

Runestones

507302997Analyzed
1v1 RM · 16d ago on Sep 17, 2026· 27m 4s· 2 players
Game mode
Random Map
Map size
Tiny (2 player)
Population
200
Speed
Normal
Resources
Standard
Victory
Conquest
Starting age
Dark Age
Ending age
Imperial Age
RankedLock teamsTeams togetherTeam positionsShared explorationLock speedFull tech treeHidden civsTurbo modeCheats
Victory
Defeat
🇩🇪 Teutons · Germany
740
+16
🇪🇸 Aztecs · Spain
744
-16
OKRU51
4:54 Loom
9:41 Feudal Age
11:26 Horse Collar
20:54 Double-Bit Axe
24:00 Castle Age
Michi3052
11:15 Feudal Age
25:35 Castle Age
25:01 Horse Collar
25:10 Double-Bit Axe
26:10 Padded Archer Armor
26:03 Fletching
Connection lost

Rejoining the realm…

Still unreachable

The connection could not be restored.

Session expired

The server has moved on; the page needs a fresh start.